Map: Equilibrium LE

Players

A.I. 1 (Very Easy) - Winner!

  • Race: Zerg Zerg

IIIIIIIIIIII

  • Race: Terran Terran

VOD

Have the link to the VOD?

Description

Time

  • Played on: Dec. 23, 2023, 9:08 a.m.
  • Length: 10:21
Show
View Real Time Build Order
Export as new Build Order

A.I. 1 (Very Easy) Zerg - Winner!

Build Orders: Pool First 

Get SALT Encoding   

  12  0:01  Drone  
  13  0:12  Overlord  
  13  0:16  Drone  
  14  0:35  Spawning Pool  
  14  0:37  Extractor  
  14  0:39  Drone  
  13  0:47  Drone  
  14  0:51  Overlord  
  14  1:22  Zergling x2, Queen  
  17  1:30  Roach Warren  
  16  1:33  Drone  
  16  1:37  Extractor  
  16  1:42  Drone  
  17  1:51  Zergling x2  
  18  2:00  Drone  
  19  2:08  Drone  
  20  2:16  Drone  
  20  2:19  Zergling x2  
  22  2:27  Overlord  
  22  2:31  Drone  
  23  2:38  Drone  
  24  2:45  Drone  
  24  2:48  Roach  
  27  6:56  Zergling x2  
  27  7:27  Drone, Lair  
  27  7:28  Overlord  
  28  7:34  Roach  
  28  7:35  Drone, Hatchery  
  30  7:42  Drone  
  31  7:49  Drone  
  32  7:56  Drone  
  33  8:03  Drone  
  32  8:11  Roach  
  31  8:25  Overseer x2  
  31  8:48  Zergling x2, Drone  
  33  8:55  Drone  
  34  8:58  Extractor  
  34  9:00  Extractor  
  34  9:02  Drone  
  33  9:09  Drone  
  34  9:16  Drone  
  36  9:24  Drone  
  36  9:25  Roach  
  39  9:31  Drone  
  40  9:38  Drone  
  40  9:45  Drone  
  41  9:53  Drone  
  42  10:00  Drone  
  43  10:07  Drone  
Show
View Real Time Build Order
Export as new Build Order

IIIIIIIIIIII Terran 

Build Orders: Gas First Reaper Expand, Banshee Rush 

Get SALT Encoding   

  12  0:00  SCV  
  13  0:12  SCV  
  14  0:17  Supply Depot  
  14  0:24  SCV  
  14  0:27  Refinery  
  15  0:38  SCV  
  16  0:44  Barracks  
  16  0:50  SCV  
  17  1:03  SCV  
  18  1:16  SCV  
  19  1:30  Orbital Command  
  19  1:31  Reaper  
  20  1:41  Command Center  
  20  1:51  Factory  
  20  1:56  SCV  
  20  2:00  Refinery  
  21  2:05  Barracks Reactor  
  21  2:08  SCV  
  22  2:12  Supply Depot  
  22  2:20  SCV  
  23  2:33  SCV  
  23  2:36  Starport  
  24  2:38  Factory Tech Lab  
  24  2:42  Marine x2  
  26  2:45  SCV  
  27  2:53  Orbital Command  
  27  3:00  SCV  
  27  3:04  Marine  
  27  3:05  Marine  
  30  3:06  Factory Tech Lab  
  30  3:14  SCV  
  30  3:19  SCV  
  32  3:20  Supply Depot  
  32  3:21  Banshee  
  32  3:24  Cloaking Field  
  32  3:26  SCV  
  36  3:29  Marine x2  
  38  3:37  SCV, Refinery  
  38  3:40  SCV  
  40  3:45  Siege Tank  
  40  3:47  Marine x2  
  45  3:51  Supply Depot  
  45  3:52  SCV  
  45  3:53  SCV  
  47  4:04  SCV  
  47  4:05  SCV  
  47  4:06  Banshee, Marine x2  
  54  4:14  Supply Depot  
  54  4:16  SCV  
  55  4:17  SCV  
  55  4:20  Siege Tank  
  59  4:26  Marine  
  59  4:27  Marine  
  59  4:28  SCV  
  62  4:36  SCV  
  62  4:37  Supply Depot  
  63  4:42  Barracks  
  63  4:43  Barracks  
  63  4:44  SCV  
  64  4:48  SCV  
  65  4:56  Siege Tank  
  65  4:57  SCV  
  69  5:00  Supply Depot  
  69  5:01  Stimpack, Medivac  
  69  5:05  SCV  
  72  5:10  Marine, Medivac  
  75  5:15  Engineering Bay  
  75  5:16  Engineering Bay  
  75  5:17  SCV x2  
  75  5:18  Refinery  
  77  5:25  Supply Depot  
  77  5:29  SCV x2  
  77  5:32  Barracks Reactor x2  
  79  5:38  Marine  
  85  5:45  Terran Infantry Weapons Level 1, Terran Infantry Armor Level 1  
  85  5:49  Supply Depot  
  82  5:55  Command Center  
  80  5:57  Siege Tank  
  80  5:59  Marine  
  80  6:03  Barracks  
  84  6:05  Barracks  
  84  6:10  SCV  
  84  6:11  SCV  
  86  6:12  Supply Depot  
  86  6:13  Marine x4  
  90  6:18  Marine  
  90  6:21  Medivac x2  
  90  6:24  SCV x2  
  97  6:29  Supply Depot  
  97  6:32  Siege Tank  
  100  6:34  Supply Depot  
  100  6:36  SCV x2  
  100  6:37  Marine  
  100  6:38  Marine  
  100  6:39  Marine  
  105  6:41  Marine  
  105  6:42  Marine  
  107  6:48  SCV x2  
  107  6:51  Combat Shield  
  107  6:53  Barracks Reactor, Barracks Tech Lab  
  109  6:56  Armory  
  109  7:06  SCV x2  
  111  7:14  Marauder x2  
  115  7:17  Siege Tank  
  115  7:20  Refinery  
  115  7:22  Sensor Tower, Refinery  
  118  7:24  SCV x2  
  120  7:30  Orbital Command  
  120  7:32  Marine x6  
  120  7:34  Medivac  
  130  7:42  Supply Depot  
  130  7:45  Supply Depot  
  130  7:49  Terran Infantry Weapons Level 2  
  130  7:54  Terran Infantry Armor Level 2  
  130  7:56  SCV x3  
  131  8:00  Marauder x2  
  133  8:06  Supply Depot  
  133  8:08  Supply Depot, SCV x3  
  133  8:10  Concussive Shells  
  136  8:13  Siege Tank  
  139  8:20  SCV x3  
  139  8:21  Medivac x2  
  139  8:26  Marauder x2  
  150  8:31  Supply Depot  
  150  8:38  Marine x3  
  150  8:39  Marine  
  150  8:40  Marine  
  150  8:41  Command Center, Marine  
  155  8:45  SCV x3  
  155  8:47  Siege Tank  
  162  8:53  Viking x2  
  166  8:59  SCV x3  
  166  9:01  Marauder x2  
  173  9:08  Starport  
  173  9:09  Starport  
  173  9:12  Fusion Core  
  173  9:13  Marine x4  
  173  9:14  Marine  
  178  9:19  Marine  
  179  9:28  Viking  
  179  9:29  Viking, Siege Tank  
  186  9:37  Marine  
  186  9:38  Marauder  
  189  9:48  Starport Tech Lab, Starport Reactor  
  189  9:53  Marauder, Marine x5  
  196  10:14  Sensor Tower, Missile Turret  
  196  10:16  Missile Turret x2, Refinery x2  
Tags
 
Add a new tag
Caveats
  • Supply blocks, unpowered buildings, or Contaminate may cause inaccurate times.
  • Supply counts are checked every 10 seconds.